 Dungeon Crawl Stone Soup version 0.14-a0-2644-gcc8e764 (webtiles) character file.

96410 MirrMurr the Unseen (level 15, -6/82 HPs)
             Began as a Spriggan Enchanter on Feb 14, 2014.
             Was the Champion of Ashenzari.
             Killed from afar by a thorn lotus (27 damage)
             ... with a volley of thorns
             ... on Level 3 of the Swamp on Feb 16, 2014.
             The game lasted 02:30:33 (30455 turns).

MirrMurr the Unseen (Spriggan Enchanter)           Turns: 30455, Time: 02:30:33

HP  -6/82        AC  9     Str  8      XL: 15   Next: 63%
MP  37/38        EV 29     Int 17      God: Ashenzari [******]
Gold 1833        SH  0     Dex 19      Spells:  9 memorised, 10 levels left

rFire  + . .     SeeInvis +     L - +3,+5 dagger (stab) (curse)
rCold  + . .     Clarity  +     x - +2 troll leather armour (curse) {Purgy}
rNeg   . . .     Conserve +     (shield restricted)
rPois  .         rCorr    +     n - +0 elf hat (curse)
rElec  .         rRot     .     p - +2 cloak {rCorr, Cons}
SustAb . .       Spirit   .     (gloves unavailable)
rMut   .         Warding  .     (boots unavailable)
Saprov . . .     Stasis   .     j - cursed amulet of resist corrosion
MR     ++...                    N - cursed ring of protection from fire
                                Q - cursed ring of protection from cold

@: flying, studying Fighting, very quick, very resistant to hostile
enchantments, incredibly stealthy
A: unfitting armour, see invisible, herbivore 3, speed 3, slow metabolism 2
a: Scrying, Transfer Knowledge, Renounce Religion


You were on level 3 of the Swamp.
You worshipped Ashenzari.
Ashenzari was exalted by your worship.
You were full.

You visited 5 branches of the dungeon, and saw 26 of its levels.
You visited the Abyss 1 time.
You also visited: Sewer and Bailey.

You collected 2378 gold pieces.
You spent 545 gold pieces at shops.

Inventory:

Hand weapons
 L - a cursed +3,+5 dagger of stabbing (weapon)
Missiles
 d - 4 darts (quivered)
Armour
 n - a cursed +0 elven hat (worn)
 p - a +2 cloak of preservation (worn)
 x - a cursed +2 troll leather armour (worn) {Purgy}
Magical devices
 M - a wand of cold (8)
 O - a wand of teleportation (5)
 Y - a wand of fire (5)
Comestibles
 q - 4 apples
 u - an apricot
 A - 4 chokos
 D - 5 bread rations
 I - a rambutan
Scrolls
 g - 2 scrolls of teleportation
 h - 4 scrolls of fog
 i - 5 scrolls of identify
 s - 3 scrolls of remove curse
 v - 2 scrolls of blinking
 y - 2 scrolls of fear
 B - a scroll of recharging
 E - a scroll of magic mapping
Jewellery
 j - a cursed amulet of resist corrosion (around neck)
 N - a cursed ring of protection from fire (right hand)
 Q - a cursed ring of protection from cold (left hand)
Potions
 c - a potion of agility
 e - 2 potions of curing
 k - 2 potions of poison
 l - a potion of resistance
 m - a potion of might
 r - 2 potions of heal wounds
 w - a potion of flight
 H - a potion of invisibility
Books
 G - a manual of Fighting


   Skills:
 * Level 11.0 Fighting
 - Level 6.3(10.8) Short Blades
 - Level 1.1 Throwing
 - Level 12.8(15.5) Dodging
 + Level 20.1(22.3) Stealth
 + Level 14.5 Spellcasting
 - Level 13.0(17.1) Hexes
 - Level 4.4(8.7) Charms
 - Level 6.6(11.1) Translocations
 - Level 8.9(13.3) Evocations


You had 10 spell levels left.
You knew the following spells:

 Your Spells              Type           Power        Failure   Level  Hunger
a - Ensorcelled Hibernat  Hex/Ice        #####.       1%          2    None
b - Confuse               Hex            ######..     0%          3    None
f - Flight                Chrm/Air       ####......   2%          3    None
g - Passage of Golubria   Tloc           N/A          1%          4    #......
i - Invisibility          Hex            ######..     1%          6    ######.
m - Mass Confusion        Hex            ######....   1%          6    ######.
p - Phase Shift           Tloc           ######....   1%          5    ###....
A - Apportation           Tloc           ######....   1%          1    None
P - Passwall              Trmt/Erth      ##........   14%         3    None


Dungeon Overview and Level Annotations

Branches:
Dungeon (10/16)            Temple (1/1) D:7             Orc (4/4) D:10
    Elf (0/3) Orc:3          Lair (8/8) D:8           Swamp (3/5) Lair:5
 Spider (0/5) Lair:3        Slime (0/6) Lair:7

Altars:
Ashenzari
Cheibriados
Dithmenos
Elyvilon
Fedhas
Kikubaaqudgha
Makhleb
Nemelex Xobeh
Okawaru
Sif Muna
Trog
Vehumet
Xom
Yredelemnul
Zin
The Shining One
Jiyva

Shops:
D:7 ([   D:10 !=   Orc:2 %   Orc:3 ([   Orc:4 ?=*

Annotations:
D:3 come back, Natasha
D:6 come back
Orc:2 food


Innate Abilities, Weirdness & Mutations

You are tiny and cannot use many weapons and most armour.
You have supernaturally acute eyesight.
You are a herbivore.
You cover ground extremely quickly.
You need consume almost no food.


Message History

You hit the thorn lotus but do no damage.
The thorn lotus is severely damaged.
Drink which item? (? for menu, Esc to quit)
You feel much better.
You hit the thorn lotus.
The thorn lotus is severely damaged.
You hit the thorn lotus.
The thorn lotus is severely damaged.
The thorn lotus fires a volley of thorns at you.
The volley of thorns hits you!
* * * LOW HITPOINT WARNING * * *
You barely miss the thorn lotus.
The thorn lotus is severely damaged.
You hit the thorn lotus.
The thorn lotus is almost destroyed.
You hit the thorn lotus but do no damage.
The thorn lotus is almost destroyed.
The thorn lotus fires a volley of thorns at you.
The volley of thorns hits you!
You die...

♣♣♣♣♣♣♣♣♣♣♣♣♣♣♣♣♣♣♣♣♣♣♣*
..§.≈≈≈≈..............≈♣*
≈≈≈≈≈♣≈≈≈≈≈≈≈≈≈≈.≈≈..≈≈.♣
≈≈≈≈≈≈≈≈♣f≈≈≈≈≈≈.♣≈...≈♣
≈≈≈≈≈≈♣≈.≈♣≈♣≈.....≈≈♣.♣
♣≈...≈≈≈.♣≈≈≈≈.P@♣≈≈≈≈.♣
≈≈..<≈≈≈.♣≈≈≈≈.≈≈.≈≈..≈♣
≈♣....♣≈≈≈..≈≈....≈≈≈♣.♣
≈≈..≈....≈≈....≈.≈≈.≈..♣
≈≈..≈≈≈.≈≈≈≈≈≈≈≈≈≈≈≈.≈.♣
..≈≈.≈≈≈.≈≈≈≈♣≈.≈≈≈≈.≈.♣
.♣..≈≈≈≈≈♣≈..≈≈≈....≈≈≈♣
....≈≈≈≈≈.≈≈.≈≈...≈≈≈≈.♣
≈≈.≈≈≈.≈♣...§≈.§≈♣≈≈≈≈.


You could see a thorn lotus.

Vanquished Creatures
  The ghost of Jenx the Eclecticist, a powerful DEWz of Vehumet (Orc:2)
  4 dire elephants (Lair:8)
  An ettin (Orc:4)
  2 spriggans (Swamp:1)
  Fannar (Orc:4)
  An anaconda (Lair:8)
  9 hydras
  Erica (Lair:6)
  A centaur warrior (Orc:4)
  3 alligators (Swamp:1)
  A very ugly thing (Abyss:1)
  A large abomination (Abyss:1)
  An unseen horror (Abyss:1)
  An orc sorcerer (Orc:3)
  2 cyclopes
  7 orc knights
  A flaming corpse (Abyss:1)
  8 elephants
  2 black mambas
  Maurice (D:8)
  A feature mimic (Orc:4)
  A queen ant (Lair:1)
  An orange demon (Abyss:1)
  Psyche (Orc:4)
  8 spiny frogs
  A fire drake (Lair:6)
  12 komodo dragons
  A polar bear (Lair:4)
  3 trolls
  Sonja (Swamp:1)
  2 giant fireflies (Swamp:1)
  4 baby alligators (Swamp:1)
  4 slime creatures (Swamp:1)
  3 ravens (Swamp:1)
  2 giant leeches
  15 blink frogs
  A basilisk (Lair:4)
  20 yaks
  A wraith (D:10)
  A shadow (Swamp:2)
  An elephant slug (Lair:5)
  A hill giant zombie (D:8)
  3 fire bats (Lair:1)
  7 hippogriffs
  6 sharks
  Grum (Orc:4)
  A necrophage (D:7)
  2 swamp worms
  Edmund (D:6)
  Menkaure (D:6)
  16 wolves
  20 soldier ants (Lair:1)
  46 orc warriors
  An ice beast (D:7)
  2 sky beasts
  Purgy (Sewer)
  5 porcupines
  8 giant goldfish
  2 black bears
  A phantom (D:9)
  10 ogres
  A boring beetle (Lair:5)
  6 crocodiles
  12 centaurs
  3 wargs
  2 big kobolds (D:9)
  12 giant frogs
  6 giant slugs
  7 insubstantial wisps (Swamp:1)
  12 water moccasins
  5 agate snails
  6 jellyfish
  7 killer bees
  7 electric eels
  2 goliath beetles
  7 crimson imps
  18 orc priests
  4 big fish
  12 hounds
  2 iguanas
  A sheep (Lair:3)
  28 worker ants
  21 orc wizards
  2 ogre zombies
  An ogre skeleton (D:7)
  20 adders
  2 gnolls (D:10)
  2 giant mites
  A lemure (Abyss:1)
  5 giant centipedes
  51 green rats
  2 inept feature mimics
  13 white imps
  9 worms
  2 giant eyeballs
  10 giant geckos
  151 orcs
  26 bats
  A bat skeleton (D:6)
  12 giant cockroaches
  32 goblins
  26 hobgoblins
  38 jackals
  16 kobolds
  2 giant newts
  A giant spore (Lair:4)
  2 orc skeletons
  An orc zombie (D:10)
  13 quokkas
  21 rats
  2 ballistomycetes (Lair:4)
  2 plants (Lair:8)
915 creatures vanquished.

Vanquished Creatures (others)
  11 orcs
  An orc zombie (D:6)
  3 fungi
  A plant (Lair:6)
16 creatures vanquished.

Grand Total: 931 creatures vanquished

Notes
Turn   | Place    | Note
--------------------------------------------------------------
     0 | D:1      | MirrMurr, the Spriggan Enchanter, began the quest for the Orb.
     0 | D:1      | Reached XP level 1. HP: 9/9 MP: 4/4
   142 | D:1      | Reached skill level 4 in Stealth
   147 | D:1      | Reached XP level 2. HP: 7/13 MP: 7/7
   151 | D:1      | Learned a level 2 spell: Ensorcelled Hibernation
   599 | D:1      | Reached skill level 5 in Stealth
   924 | D:1      | Reached XP level 3. HP: 11/16 MP: 9/9
   929 | D:1      | Learned a level 3 spell: Confuse
  1908 | D:2      | Reached skill level 6 in Stealth
  2210 | D:2      | Reached XP level 4. HP: 17/21 MP: 12/12
  2777 | D:2      | Reached XP level 5. HP: 22/24 MP: 14/14
  2832 | D:2      | Reached skill level 7 in Stealth
  3379 | D:3      | Noticed Natasha
  3720 | D:4      | Noticed a sky beast
  3723 | D:4      | Killed a sky beast
  3723 | D:4      | Reached skill level 8 in Stealth
  3723 | D:4      | Reached XP level 6. HP: 23/28 MP: 17/17
  3809 | D:4      | Noticed a phantom
  3979 | D:4      | Found a glowing drain.
  4050 | Sewer    | Entered a sewer
  4222 | Sewer    | Noticed Purgy
  4229 | Sewer    | Killed Purgy
  4229 | Sewer    | Reached skill level 5 in Short Blades
  4726 | D:5      | Entered Level 5 of the Dungeon
  5102 | D:5      | Reached XP level 7. HP: 32/32 MP: 20/20
  5115 | D:5      | Reached skill level 9 in Stealth
  5925 | D:6      | Noticed Edmund
  5930 | D:6      | Killed Edmund
  5934 | D:6      | Reached skill level 10 in Stealth
  6163 | D:6      | Noticed Menkaure
  6194 | D:5      | Reached XP level 8. HP: 19/36 MP: 16/23
  7006 | D:6      | Reached skill level 5 in Spellcasting
  7006 | D:6      | Reached skill level 5 in Hexes
  7248 | D:6      | Found a basalt altar of Yredelemnul.
  7531 | D:6      | Found a deep blue altar of Sif Muna.
  7743 | D:7      | Reached skill level 11 in Stealth
  7877 | D:7      | Found Qanig's Antique Armour Shoppe.
  7891 | D:6      | Killed Menkaure
  8094 | D:7      | Found a staircase to the Ecumenical Temple.
  8103 | Temple   | Entered the Ecumenical Temple
  8178 | Temple   | Became a worshipper of Ashenzari the Shackled
  8306 | D:7      | Reached XP level 9. HP: 30/39 MP: 23/27
  8415 | D:7      | Found Phaitian's Antique Weapon Shop.
  8750 | D:7      | Found a shimmering altar of Xom.
  8948 | D:8      | Found a burning altar of Makhleb.
  8969 | D:8      | Noticed a cyclops
  9152 | D:8      | Learned a level 6 spell: Invisibility
  9175 | D:8      | Reached skill level 12 in Stealth
  9431 | D:8      | Reached skill level 5 in Dodging
  9505 | D:8      | Killed a cyclops
  9714 | D:8      | Noticed Maurice
  9742 | D:8      | Killed Maurice
  9742 | D:8      | Reached skill level 10 in Hexes
  9749 | D:8      | Identified a +2 cloak of preservation (You took it off Maurice on level 8 of the Dungeon)
  9845 | D:8      | Reached XP level 10. HP: 44/44 MP: 21/28
  9889 | D:8      | Found a staircase to the Lair.
  9967 | Lair:1   | Entered Level 1 of the Lair of Beasts
 10009 | Lair:1   | Reached skill level 13 in Stealth
 10445 | Lair:1   | Found a snail-covered altar of Cheibriados.
 10971 | Lair:1   | Reached skill level 14 in Stealth
 11139 | Lair:1   | Reached XP level 11. HP: 47/47 MP: 14/29
 11576 | Lair:1   | Found a dark tunnel.
 12007 | Lair:2   | Reached skill level 10 in Dodging
 12215 | Lair:2   | Noticed an eight-headed hydra
 12222 | Lair:2   | Killed an eight-headed hydra
 12222 | Lair:2   | Reached skill level 15 in Stealth
 12449 | Lair:2   | Noticed a four-headed hydra
 12460 | Lair:2   | Killed a four-headed hydra
 12556 | Lair:3   | Found a shimmering altar of Xom.
 12556 | Lair:3   | Found a hole to the Spider Nest.
 13182 | Lair:3   | Reached skill level 16 in Stealth
 13425 | Lair:3   | Reached XP level 12. HP: 51/51 MP: 32/32
 14133 | Lair:3   | Identified the +5 leather armour of Skihasae {Str-3 Curse} (You found it on level 8 of the Dungeon)
 14751 | Lair:4   | Acquired Ashenzari's first power
 14772 | Lair:4   | Reached skill level 10 in Spellcasting
 14945 | Lair:4   | Reached skill level 17 in Stealth
 15635 | Lair:5   | Found a staircase to the Swamp.
 15717 | Lair:5   | Reached skill level 1 in Evocations
 16967 | Lair:6   | Noticed a seven-headed hydra
 16974 | Lair:6   | Killed a seven-headed hydra
 17605 | Lair:6   | Noticed Erica
 17610 | Lair:6   | Killed Erica
 17652 | Lair:6   | Found a frozen archway.
 17661 | Lair:6   | Reached skill level 5 in Evocations
 17744 | Lair:6   | Upgraded the game from 0.14-a0-2618-g5301534 to 0.14-a0-2632-gd2f732a
 17911 | Lair:7   | Reached XP level 13. HP: 52/55 MP: 29/35
 18024 | Lair:7   | Reached skill level 18 in Stealth
 18248 | Lair:7   | Noticed an eight-headed hydra
 18257 | Lair:7   | Killed an eight-headed hydra
 18268 | Lair:7   | Acquired Ashenzari's second power
 18455 | Lair:7   | Found a staircase to the Slime Pits.
 18455 | Lair:7   | Found a viscous altar of Jiyva.
 18809 | Lair:8   | Entered Level 8 of the Lair of Beasts
 18941 | Lair:8   | Found a shadowy altar of Dithmenos.
 19965 | Lair:8   | Identified the cursed -3 plate armour of Crawling {rF+}
 19990 | Lair:8   | Noticed a dire elephant
 19990 | Lair:8   | Noticed a dire elephant
 19991 | Lair:8   | Identified the +6,+12 trident of Frustration {freeze, rPois Stlth+}
 19998 | Lair:8   | Noticed a dire elephant
 20008 | Lair:8   | Killed a dire elephant
 20044 | Lair:8   | Noticed a dire elephant
 20146 | Lair:8   | Killed a dire elephant
 20168 | Lair:8   | Killed a dire elephant
 20181 | Lair:8   | Killed a dire elephant
 21655 | D:10     | Entered Level 10 of the Dungeon
 21656 | D:10     | Acquired Ashenzari's third power
 21660 | D:10     | Paralysed by a giant eyeball for 4 turns
 21714 | D:10     | Found Kaeneoro's Distillery.
 21731 | D:10     | Bought a potion of heal wounds for 33 gold pieces
 21731 | D:10     | Bought a potion of heal wounds for 33 gold pieces
 21731 | D:10     | Bought a potion of heal wounds for 33 gold pieces
 21731 | D:10     | Bought a potion of resistance for 77 gold pieces
 21836 | D:10     | Found Ywnuxkuw's Jewellery Shoppe.
 21949 | D:10     | Found a flagged portal.
 21987 | Bailey   | Entered a bailey
 22815 | D:10     | Found a staircase to the Orcish Mines.
 22958 | D:10     | Learned a level 3 spell: Flight
 22962 | D:10     | Learned a level 3 spell: Passwall
 22968 | D:10     | Learned a level 5 spell: Phase Shift
 22970 | D:10     | Learned a level 1 spell: Apportation
 22977 | D:10     | Learned a level 6 spell: Mass Confusion
 22982 | D:10     | Learned a level 4 spell: Passage of Golubria
 23110 | D:10     | Reached skill level 1 in Fighting
 23255 | Orc:1    | Entered Level 1 of the Orcish Mines
 23311 | Orc:1    | Found an iron altar of Okawaru.
 23472 | Orc:2    | Acquired Ashenzari's fourth power
 23472 | Orc:2    | Noticed Jenx's ghost (powerful DEWz)
 23498 | Orc:2    | Killed Jenx's ghost
 23498 | Orc:2    | Reached skill level 19 in Stealth
 23543 | Orc:2    | Found Heel's Food Boutique.
 23620 | Orc:2    | Found a deep blue altar of Sif Muna.
 23679 | Orc:2    | Identified Sif Muna's Handbook of Conjuration
 23794 | Orc:3    | Found Phallib's Armour Shop.
 23805 | Orc:3    | Found Ohadesea's Antique Weapon Boutique.
 23805 | Orc:3    | Found an iron altar of Okawaru.
 23972 | Orc:3    | Found a staircase to the Elven Halls.
 24036 | Orc:3    | Bought a glowing dagger for 72 gold pieces
 24036 | Orc:3    | Bought an ancient dagger for 252 gold pieces
 24036 | Orc:3    | Identified the +7,+8 dagger of Curses {drain, rElec SInv} (You bought it in a shop on level 3 of the Orcish Mines)
 25332 | Orc:1    | Found a bloodstained altar of Trog.
 25894 | Orc:4    | Entered Level 4 of the Orcish Mines
 25944 | Orc:4    | Noticed Grum
 25948 | Orc:4    | Killed Grum
 25948 | Orc:4    | Reached skill level 1 in Translocations
 25948 | Orc:4    | Reached XP level 14. HP: 67/67 MP: 22/38
 25988 | Orc:4    | Noticed Fannar
 26004 | Orc:4    | Killed Fannar
 26014 | Orc:4    | Reached skill level 5 in Fighting
 26043 | Orc:4    | Noticed Psyche
 26172 | Orc:4    | Killed Psyche
 26371 | Orc:4    | Found Qeqid's Jewellery Emporium.
 26371 | Orc:4    | Found Edung's General Store.
 26541 | Orc:3    | Reached XP level 15. HP: 73/78 MP: 37/38
 26602 | Orc:4    | the detected shop or portal was a mimic.
 26603 | Orc:4    | Found Skuov's Magic Scroll Shoppe.
 26826 | Orc:4    | Bought a scroll of remove curse for 45 gold pieces
 27719 | Lair:5   | Upgraded the game from 0.14-a0-2632-gd2f732a to 0.14-a0-2644-gcc8e764
 27721 | Swamp:1  | Entered Level 1 of the Swamp
 27789 | Swamp:1  | Reached skill level 1 in Charms
 27927 | Swamp:1  | Noticed Sonja
 27937 | Swamp:1  | Cast into the Abyss (Sonja)
 28101 | Abyss:1  | Noticed a lich
 28128 | Abyss:1  | Noticed a tentacled starspawn
 28146 | Abyss:1  | Noticed a lich
 28387 | Abyss:1  | Noticed a hellephant
 28529 | Abyss:1  | Noticed a profane servitor
 28695 | Abyss:1  | Reached skill level 10 in Fighting
 28790 | Abyss:1  | Noticed a tentacled starspawn
 28873 | Abyss:1  | Found a radiant altar of Vehumet.
 28889 | Abyss:1  | Found a corrupted altar of Lugonu.
 28961 | Abyss:1  | Noticed a tentacled starspawn
 29060 | Abyss:1  | Found a corrupted altar of Lugonu.
 29106 | Abyss:1  | Noticed a tentacled starspawn
 29127 | Swamp:1  | Escaped the Abyss
 29134 | Swamp:1  | Killed Sonja
 29268 | Lair:5   | Noticed a five-headed hydra
 29275 | Lair:5   | Killed a five-headed hydra
 29581 | Swamp:1  | Reached skill level 20 in Stealth
 30455 | Swamp:3  | Killed from afar by a thorn lotus

Action                   |  1- 3 |  4- 6 |  7- 9 | 10-12 | 13-15 || total
-------------------------+-------+-------+-------+-------+-------++-------
Melee: Dagger            |   211 |   262 |   271 |   742 |  1191 ||  2677
 Fire: Sling             |       |     2 |     8 |       |       ||    10
       Blowgun           |       |       |     6 |       |       ||     6
Throw: Dart              |    11 |       |       |     1 |       ||    12
 Cast: Corona            |     3 |     1 |     1 |       |       ||     5
       Ensorcelled Hiber |     3 |    21 |   111 |   333 |   205 ||   673
       Confuse           |       |     2 |    25 |    35 |    65 ||   127
       Invisibility      |       |       |     1 |     4 |    13 ||    18
       Flight            |       |       |       |       |    15 ||    15
       Apportation       |       |       |       |       |    11 ||    11
Invok: Scrying           |       |       |       |       |     2 ||     2
Evoke: Wand              |       |       |     7 |     4 |     7 ||    18
  Use: Scroll            |     3 |     4 |    12 |    14 |    17 ||    50
       Potion            |       |     2 |     5 |       |    11 ||    18
 Stab: Sleeping          |     7 |    28 |    54 |   219 |   216 ||   524
       Confused          |       |       |    11 |     7 |    11 ||    29
       Distracted        |       |       |     2 |     3 |     3 ||     8
       Invisible         |       |       |     2 |    28 |    84 ||   114
